 Dungeon Crawl Stone Soup version 0.18-a0-1788-g92de1ac (webtiles) character file.

8908 barb4r1an the Protected (level 11, -5/94 HPs)
             Began as a Minotaur Fighter on Apr 20, 2016.
             Was a High Priest of Okawaru.
             Slain by a catoblepas (10 damage)
             ... on level 10 of the Dungeon.
             The game lasted 00:23:42 (9997 turns).

barb4r1an the Protected (Minotaur Fighter)          Turns: 9997, Time: 00:23:43

Health: -5/94      AC: 12    Str: 26    XL:     11   Next: 16%
Magic:  24/24      EV:  2    Int:  9    God:    Okawaru [*****.]
Gold:   255        SH:  0    Dex: 11    Spells: 1 memorised, 14 levels left

rFire  . . .     SeeInvis .     a - +0 flail
rCold  . . .     Gourm    .     H - +1 scale mail "Becoysox" {MP+9 Str+5 Stlth-}
rNeg   + + +     Faith    .     C - +4 shield "Kask" {rElec rCorr Int+4 Stlth-}
rPois  ∞         Spirit   .     (helmet restricted)
rElec  +         Dismiss  .     E - +0 cloak
rCorr  +         Reflect  +     A - +0 pair of gloves
SustAt .         Harm     .     (no boots)
MR     .....                    G - +5 amulet of reflection
Stlth  ..........               (no ring)
                                (no ring)

@: petrified, not resistant to hostile enchantments, extremely unstealthy
A: retaliatory headbutt, horns 2, clumsy 1, deterioration 1, sturdy frame 1
a: Heroism, Finesse, Renounce Religion


You were on level 10 of the Dungeon.
You worshipped Okawaru.
Okawaru was extremely pleased with you.
You were not hungry.

You visited 1 branch of the dungeon, and saw 10 of its levels.

You collected 588 gold pieces.
You spent 333 gold pieces at shops.

Inventory:

Hand Weapons
 a - a +0 flail (weapon)
Armour
 b - the +1 buckler "Miumivo" {rF++ MP-9 Str+3 Stlth+}
   (You found it on level 8 of the Dungeon)

   It affects your strength (+3).
   It greatly protects you from fire.
   It affects your magic capacity (-9).
   It makes you more stealthy.
 A - a +0 pair of gloves (worn)
 C - the +4 shield "Kask" (worn) {rElec rCorr Int+4 Stlth-}
   (You bought it in a shop on level 7 of the Dungeon)

   It affects your intelligence (+4).
   It insulates you from electricity.
   It protects you from acid and corrosion.
   It makes you less stealthy.
 E - a +0 cloak (worn)
 H - the +1 scale mail "Becoysox" (worn) {MP+9 Str+5 Stlth-}
   (You bought it in a shop on level 7 of the Dungeon)

   It affects your strength (+5).
   It affects your magic capacity (+9).
   It makes you less stealthy.
Jewellery
 G - a +5 amulet of reflection (around neck)
Wands
 F - a wand of heal wounds (5/9)
Scrolls
 e - 2 scrolls of blinking {unknown}
 g - 5 scrolls of remove curse
 h - 3 scrolls of fear {unknown}
 i - 3 scrolls of amnesia {unknown}
 j - 2 scrolls of noise {unknown}
 n - 4 scrolls of enchant weapon {unknown}
 q - a scroll of recharging {unknown}
 r - 2 scrolls of identify
 t - a scroll of teleportation {unknown}
 w - 3 scrolls of enchant armour {unknown}
 x - a scroll of random uselessness {unknown}
 y - 2 scrolls of magic mapping {unknown}
 B - 3 scrolls of immolation {unknown}
 D - a scroll of fog {unknown}
Potions
 c - a potion of lignification {unknown}
 d - 3 potions of might
 k - a potion of flight
 o - a potion of cure mutation
 p - 5 potions of curing
 u - a potion of heal wounds
 v - 2 potions of haste {unknown}
 z - 2 potions of agility
 J - a potion of magic {unknown}
Books
 m - a book of Battle

   Spells                             Type                      Level
   a - Infusion                       Charms                       1
   b - Shroud of Golubria             Charms/Translocation         2
   c - Song of Slaying                Charms                       2
   d - Spectral Weapon                Hexes/Charms                 3
   e - Regeneration                   Charms/Necromancy            3
Comestibles
 f - 6 bread rations
 l - a meat ration
 s - 7 royal jellies


   Skills:
 + Level 8.3 Fighting
 - Level 5.2 Maces & Flails
 + Level 8.6 Armour
 - Level 4.2 Dodging
 - Level 0.1 Stealth
 + Level 7.9 Shields
 * Level 3.9 Spellcasting
 * Level 4.9 Charms
 * Level 5.4 Necromancy
 + Level 3.8 Invocations


You had 14 spell levels left.
You knew the following spells:

 Your Spells              Type           Power        Failure   Level  Hunger
a - Regeneration          Chrm/Necr      ##........   38%         3    ###....


Dungeon Overview and Level Annotations

Branches:
Dungeon (10/15)            Temple (0/1) D:5
   Lair: D:8-11         Orc: D:9-12

Altars:
Elyvilon
Gozag
Nemelex Xobeh
Okawaru
Xom

Shops:
D:7 =[[(*


Innate Abilities, Weirdness & Mutations

You reflexively headbutt those who attack you in melee.
You have a pair of horns on your head.
You are clumsy. (Dex -2)
Your body sometimes deteriorates upon taking damage.
Your movements are slightly less encumbered by armour (ER -2).


Message History

The blast of calcifying dust hits you!
Unknown command.
The catoblepas gores you!!
* * * LOW HITPOINT WARNING * * *
Your limbs are stiffening.
Drink which item? (? for menu, Esc to quit)
You feel much better.
The catoblepas gores you but does no damage. x2
You have turned to stone.
The catoblepas gores you. x2
The catoblepas gores you!!
* * * LOW HITPOINT WARNING * * *
The catoblepas gores you!
* * * LOW HITPOINT WARNING * * *
The catoblepas gores you!!
* * * LOW HITPOINT WARNING * * *
The catoblepas gores you.
* * * LOW HITPOINT WARNING * * *
The catoblepas gores you!!
You die...

#......................# #..#
##......................# #..#
........................######...
.................................
#######..........................
# .......................... #
.......................... #
...............[.......... #
.........@Y............... #
....................<... #
........................ #
........................ #
........................ #
........................ #
........................
........................
.......................


You could see a catoblepas.

Vanquished Creatures
  The ghost of barb4r1an the Blocker, a novice MiFi of Cheibriados (D:8)
  A deep elf mage (D:10)
  A queen bee (D:8)
  Prince Ribbit (D:6)
  A two-headed ogre (D:9)
  A shadow (D:9)
  Sigmund (D:2)
  Eustachio (D:6)
  A wyvern (D:9)
  4 yaks (D:10)
  A hungry ghost (D:8)
  2 hippogriffs
  A water moccasin (D:8)
  6 orc warriors
  A black bear (D:6)
  2 ice beasts
  2 phantoms
  A sky beast (D:10)
  3 centaurs
  2 ogres
  The ghost of graki42 the Charmwright, an amateur HESk (D:3)
  A big kobold (D:8)
  4 giant frogs
  4 scorpions
  36 killer bees
  15 wights
  3 howler monkeys
  2 jellies
  3 crimson imps
  Crazy Yiuf (D:4)
  2 quasits
  2 hounds
  3 orc priests
  A giant frog skeleton (D:7)
  7 orc wizards
  A centaur skeleton (D:8)
  9 worker ants
  A killer bee zombie (D:5)
  2 hound skeletons
  Robin (D:4)
  A worker ant zombie (D:9)
  8 adders
  10 gnolls
  2 shadow imps
  An ooze (D:2)
  An adder zombie (D:9)
  2 worms
  A dart slug (D:3)
  3 giant geckos
  25 orcs
  6 giant cockroaches
  13 goblins
  8 hobgoblins
  10 jackals
  6 quokkas
  2 ball pythons
  3 bats
  A giant gecko skeleton (D:5)
  5 giant newts
  A jackal skeleton (D:5)
  14 kobolds
  A quokka skeleton (D:5)
  12 rats
269 creatures vanquished.

Vanquished Creatures (others)
  A centaur (D:9)
  A kobold (D:8)
2 creatures vanquished.

Grand Total: 271 creatures vanquished

Notes
Turn   | Place    | Note
--------------------------------------------------------------
     0 | D:1      | barb4r1an the Minotaur Fighter began the quest for the Orb.
     0 | D:1      | Reached XP level 1. HP: 19/19 MP: 0/0
   248 | D:1      | Reached XP level 2. HP: 26/27 MP: 1/1
   818 | D:2      | Noticed Sigmund
   824 | D:2      | Killed Sigmund
   824 | D:2      | Reached XP level 3. HP: 34/34 MP: 2/2
   824 | D:2      | Reached XP level 4. HP: 41/41 MP: 3/3
   824 | D:2      | Reached XP level 5. HP: 47/47 MP: 4/4
   919 | D:2      | Reached skill level 5 in Armour
  1229 | D:3      | Found an iron altar of Okawaru.
  1262 | D:3      | Became a worshipper of Warmaster Okawaru
  1328 | D:3      | Found an opulent altar of Gozag.
  1328 | D:3      | Found a sparkling altar of Nemelex Xobeh.
  1402 | D:3      | Noticed graki42's ghost (amateur HESk)
  1412 | D:3      | Killed graki42's ghost
  1412 | D:3      | Reached XP level 6. HP: 33/55 MP: 5/5
  1508 | D:3      | Noticed a hippogriff
  1515 | D:3      | Killed a hippogriff
  1515 | D:3      | Reached * piety under Okawaru
  1515 | D:3      | Reached skill level 5 in Fighting
  1515 | D:3      | Reached skill level 5 in Shields
  2087 | D:4      | Noticed Crazy Yiuf
  2095 | D:4      | Killed Crazy Yiuf
  2095 | D:4      | Reached XP level 7. HP: 34/61 MP: 6/6
  2194 | D:4      | Learned a level 3 spell: Regeneration
  2608 | D:4      | Noticed Robin
  2635 | D:4      | Killed Robin
  2906 | D:5      | Entered Level 5 of the Dungeon
  2914 | D:5      | Reached skill level 1 in Necromancy
  2945 | D:5      | Reached ** piety under Okawaru
  3359 | D:5      | Found a staircase to the Ecumenical Temple.
  3519 | D:5      | Reached skill level 1 in Charms
  3592 | D:5      | Gained mutation: Your body sometimes deteriorates upon taking damage. [potion of mutation]
  3592 | D:5      | Gained mutation: Your movements are slightly less encumbered by armour (ER -2). [potion of mutation]
  3592 | D:5      | Gained mutation: You are clumsy. (Dex -2) [potion of mutation]
  3685 | D:6      | Noticed Eustachio
  3693 | D:6      | Killed Eustachio
  3693 | D:6      | Reached skill level 5 in Maces & Flails
  3693 | D:6      | Reached XP level 8. HP: 70/70 MP: 7/7
  4132 | D:6      | Found a shimmering altar of Xom.
  4132 | D:6      | Found a white marble altar of Elyvilon.
  4353 | D:6      | Noticed Prince Ribbit
  4360 | D:6      | Killed Prince Ribbit
  4360 | D:6      | Reached skill level 1 in Spellcasting
  4360 | D:6      | Reached XP level 9. HP: 77/78 MP: 7/9
  4492 | D:7      | Found Ibubas's Antique Armour Boutique.
  4512 | D:7      | Bought a steaming shield for 171 gold pieces
  4512 | D:7      | Bought a faintly glowing scale mail for 162 gold pieces
  4522 | D:7      | Identified the +4 shield "Kask" {rElec rCorr Int+4 Stlth-} (You bought it in a shop on level 7 of the Dungeon)
  4532 | D:7      | Identified the +1 scale mail "Becoysox" {MP+9 Str+5 Stlth-} (You bought it in a shop on level 7 of the Dungeon)
  4570 | D:7      | Reached *** piety under Okawaru
  4611 | D:7      | HP: 3/78 [poisoned by a killer bee]
  4616 | D:7      | HP: 3/78 [poisoned by a killer bee]
  4624 | D:7      | HP: 2/78 [poisoned by a killer bee]
  5184 | D:7      | Found Migyish's Jewellery Boutique.
  5235 | D:7      | Reached skill level 1 in Invocations
  5249 | D:7      | Received a gift from Okawaru
  5782 | D:7      | Found Deklenik's Assorted Antiques.
  6100 | D:7      | Reached **** piety under Okawaru
  6113 | D:7      | Found Dukhlaf's Weapon Shop.
  6114 | D:7      | Found Ucrosex's Antique Armour Emporium.
  6843 | D:8      | Received a gift from Okawaru
  6856 | D:8      | Reached XP level 10. HP: 86/86 MP: 12/12
  6908 | D:8      | Noticed barb4r1an's ghost (novice MiFi)
  7712 | D:8      | Killed barb4r1an's ghost
  7739 | D:8      | Got a smoking buckler
  7750 | D:8      | Identified the +1 buckler "Miumivo" {rF++ MP-9 Str+3 Stlth+} (You found it on level 8 of the Dungeon)
  8315 | D:9      | Reached skill level 5 in Necromancy
  8345 | D:9      | Reached ***** piety under Okawaru
  9234 | D:9      | Reached XP level 11. HP: 86/94 MP: 15/15
  9293 | D:10     | Entered Level 10 of the Dungeon
  9310 | D:10     | Noticed a deep elf mage
  9324 | D:10     | Killed a deep elf mage
  9398 | D:10     | Noticed a catoblepas
  9997 | D:10     | Slain by a catoblepas

Vault maps used:
D:1:      scummos_arrival_hexagon, grunt_decor_mini_mirrors,
          grunt_decor_one_mirror
D:2:      first_bread, uniq_sigmund
D:3:      grunt_temple_overflow_opulence, okawaru_trees_2
D:4:      kennysheep_cross_room, uniq_crazy_yiuf_cottage, uniq_robin
D:5:      minmay_temple_entry_enclosed_plants
D:6:      black_bear_nest_2, gammafunk_temple_overflow_wave,
          hangedman_decor_push, st_stairs_10, uniq_pikel, uniq_eustachio,
          uniq_prince_ribbit1
D:7:      serial_shops, nicolae_shop_overgrown_old_shop,
          nicolae_shop_window_shopping, shop, shop, shop, grunt_ministairs_12
D:8:      david_nohive_1
D:10:     dpeg_lair_monsters, jmf_multi_god_temple

Skill      XL: |  1  2  3  4  5  6  7  8  9 10 |
---------------+-------------------------------+-----
Armour         | 4 5 6 7 8 |  8.6
Fighting       | 4 5 6 7 8 |  8.3
Maces & Flails | 3 4 5 |  5.2
Dodging        | 2 3 4 |  4.2
Shields        | 4 5 6 7 |  7.9
Necromancy     | 1 3 4 5 |  5.4
Charms         | 1 2 3 4 |  4.9
Spellcasting   | 1 2 3 |  3.9
Invocations    | 2 3 |  3.8
Stealth        | |  0.1

Action                   |  1- 3 |  4- 6 |  7- 9 | 10-12 || total
-------------------------+-------+-------+-------+-------++-------
Melee: Flail             |    52 |   105 |   601 |   409 ||  1167
       Headbutt          |     6 |    14 |   117 |    74 ||   211
Invok: Heroism           |       |       |       |     3 ||     3
  Use: Scroll            |       |       |     7 |     4 ||    11
       Potion            |       |       |     3 |     1 ||     4
 Stab: Distracted        |       |       |       |     1 ||     1
  Eat: Chunk             |       |     2 |     7 |       ||     9
       Beef jerky        |       |       |     2 |       ||     2
       Meat ration       |       |       |     1 |     2 ||     3
       Royal jelly       |       |       |     1 |     1 ||     2
       Pizza             |       |       |     1 |       ||     1
Armor: Scale mail        |    16 |       |    60 |    93 ||   169
       Plate armour      |     4 |    71 |   194 |       ||   269
Dodge: Dodged            |    13 |    19 |   185 |   132 ||   349
Block: Shield            |    30 |    44 |   619 |   518 ||  1211
       Reflection        |       |       |     3 |     4 ||     7
